Map: 破晓之战 - 天梯版 (虚空)

Players

Scarlett - Winner!

  • Race: Zerg Zerg
  • Spawn Location: 7:00

Jim

  • Race: Protoss Protoss
  • Spawn Location: 1:00

Event: WESG 2016 Finals

VOD

Have the link to the VOD?

Description

Time

  • Played on: Jan. 13, 2017, 9:20 p.m.
  • Length: 6:22

All games in this series

Show
View Real Time Build Order
Export as new Build Order

Scarlett Zerg - Winner!

Build Orders: Pool First 

Get SALT Encoding   

  12  0:02  Drone  
  13  0:13  Extractor  
  12  0:24  Spawning Pool  
  11  0:29  Drone  
  11  0:34  Drone  
  13  0:38  Drone  
  14  0:50  Overlord  
  14  1:11  Zergling x4  
  16  1:13  Metabolic Boost  
  16  1:16  Zergling x2  
  17  1:23  Zergling x2  
  18  1:34  Zergling x2  
  18  1:37  Queen  
  21  1:47  Zergling x2  
  22  2:04  Hatchery  
  21  2:09  Zergling x2  
  22  2:20  Overlord  
  21  2:30  Evolution Chamber  
  21  2:35  Zergling x2  
  21  3:00  Drone x3  
  21  3:05  Zergling x6  
  25  3:10  Queen  
  26  3:22  Zergling x2  
  26  3:23  Zergling x2  
  27  3:34  Zergling x4  
  29  3:41  Zergling x2  
  29  3:42  Zergling x2  
  31  3:51  Overlord, Zergling x6  
  33  4:08  Zergling x6  
  32  4:14  Zergling x2  
  32  4:15  Zergling x6  
  35  4:22  Overlord  
  34  4:32  Drone  
  34  4:33  Drone x2  
  36  4:42  Drone  
  36  4:43  Drone x2  
  36  4:57  Drone  
  36  4:58  Drone x3  
  38  5:12  Zergling x2  
  38  5:13  Zergling x4  
  32  5:22  Drone  
  32  5:23  Drone x4  
  37  5:29  Drone x3  
  40  5:38  Drone  
  40  5:40  Drone  
  40  5:42  Queen  
  42  5:48  Zergling x2  
  45  5:50  Overlord  
  45  5:56  Zergling x12  
  51  6:11  Hatchery  
Show
View Real Time Build Order
Export as new Build Order

Jim Protoss 

Build Orders: Nexus First 

Get SALT Encoding   

  12  0:01  Probe (Chrono Boost)  
  13  0:11  Probe (Chrono Boost)  
  14  0:18  Pylon  
  14  0:22  Probe (Chrono Boost)  
  15  0:36  Probe (Chrono Boost)  
  16  0:47  Probe (Chrono Boost)  
  17  1:01  Nexus  
  17  1:12  Gateway  
  17  1:15  Probe (Chrono Boost)  
  18  1:21  Assimilator  
  18  1:26  Probe (Chrono Boost)  
  19  1:36  Gateway  
  19  1:38  Probe (Chrono Boost)  
  20  1:48  Probe (Chrono Boost)  
  21  1:56  Zealot  
  21  1:59  Pylon  
  23  2:07  Cybernetics Core  
  22  2:20  Zealot  
  22  2:29  Probe (Chrono Boost)  
  26  2:30  Probe (Chrono Boost)  
  28  2:44  Mothership Core (Chrono Boost)  
  27  2:52  Probe (Chrono Boost)  
  22  3:08  Probe (Chrono Boost)  
  23  3:15  Probe (Chrono Boost)  
  23  3:17  Adept  
  25  3:30  Probe (Chrono Boost)  
  25  3:33  Warp Gate  
  26  3:37  Probe (Chrono Boost)  
  27  3:44  Probe (Chrono Boost)  
  27  3:50  Adept  
  27  4:10  Probe (Chrono Boost)  
  27  4:12  Probe (Chrono Boost)  
  27  4:14  Adept  
  29  4:17  Pylon  
  29  4:22  Probe (Chrono Boost)  
  33  4:25  Probe (Chrono Boost)  
  33  4:32  Probe (Chrono Boost)  
  33  4:38  Adept  
  32  4:53  Probe (Chrono Boost)  
  32  4:55  Probe (Chrono Boost)  
  21  5:15  Probe (Chrono Boost)  
  21  5:18  Probe (Chrono Boost)  
  20  5:27  Probe (Chrono Boost)  
  20  5:28  Probe (Chrono Boost)  
  22  5:37  Stargate  
  22  5:39  Probe (Chrono Boost), Stalker  
  22  5:42  Probe (Chrono Boost)  
  26  5:51  Probe (Chrono Boost)  
  26  5:53  Probe (Chrono Boost)  
  28  6:02  Probe (Chrono Boost)  
  28  6:03  Probe (Chrono Boost)  
  30  6:16  Adept  
Tags
 
Add a new tag
Caveats
  • Supply blocks, unpowered buildings, or Contaminate may cause inaccurate times.
  • Supply counts are checked every 10 seconds.